 Dungeon Crawl Stone Soup version 0.28-a0-796-gd4f0d3f9b2 (webtiles) character file.

Game seed: 12553713956204927354

5969 Decritt the Basher (level 10, -20/91 HPs)
             Began as a Minotaur Monk on Nov 6, 2021.
             Was an Elder of Elyvilon.
             Demolished by an orc knight (38 damage)
             ... in a bailey.
             The game lasted 00:33:48 (12715 turns).

Decritt the Basher (Minotaur Monk)                 Turns: 12715, Time: 00:33:49

Health: -20/91     AC: 15    Str: 20    XL:     10   Next: 55%
Magic:  12/14      EV: 10    Int:  7    God:    Elyvilon [****..]
Gold:   674        SH:  8    Dex: 12    Spells: 9/9 levels left

rFire   . . .      SeeInvis +   v - +2 hand axe (venom)
rCold   . . .      Faith    .   H - +0 buckler
rNeg    + . .      Spirit   .   q - +0 chain mail
rPois   .          Reflect  +   (helmet restricted)
rElec   .          Harm     .   u - +2 cloak
rCorr   .          Rampage  .   (no gloves)
Will    +....                   l - +0 pair of boots
Stlth   ..........              g - amulet of reflection
HPRegen 0.25/turn               r - ring of willpower
MPRegen 0.14/turn               G - ring "Aguoboam" {rN+ SInv}

@: no status effects
A: horns 2, retaliatory headbutt
a: Renounce Religion, Purification, Heal Other, Heal Self


You were in a bailey.
You worshipped Elyvilon.
Elyvilon was greatly pleased with you.
You visited 2 branches of the dungeon, and saw 10 of its levels.
You also visited: Bailey.

You collected 674 gold pieces.

Inventory:

Hand Weapons
 v - a +2 hand axe of venom (weapon)
Missiles
 x - a throwing net
 B - 18 poisoned darts
Armour
 l - a +0 pair of boots (worn)
 q - a +0 chain mail (worn)
 u - a +2 cloak (worn)
 H - a +0 buckler (worn)
Jewellery
 b - a ring of resist corrosion
 g - an amulet of reflection (around neck)
 k - a ring of flight
 n - an amulet of guardian spirit
 r - a ring of willpower (left hand)
 t - an amulet of the acrobat
 w - a +6 ring of dexterity
 C - a ring of protection from cold
 D - a ring of protection from cold
 G - the ring "Aguoboam" (right hand) {rN+ SInv}
   (You found it on level 8 of the Dungeon)

   [ring of see invisible]

   rN:        It protects you from negative energy.
   SInv:      It lets you see invisible.
Wands
 y - a wand of flame (16) (quivered)
Scrolls
 e - 4 scrolls of blinking
 i - 2 scrolls of teleportation
 s - a scroll of amnesia
 F - a scroll of magic mapping {unknown}
 I - a scroll of fear {unknown}
 J - a scroll of vulnerability {unknown}
Potions
 c - 3 potions of curing
 d - 2 potions of heal wounds
 f - a potion of flight {unknown}
 h - a potion of cancellation {unknown}
 j - a potion of brilliance {unknown}
 m - a potion of mutation {unknown}
 o - 4 potions of attraction
 p - 4 potions of lignification
 z - a potion of haste
 A - a potion of resistance {unknown}
 E - a potion of degeneration {unknown}


   Skills:
 + Level 9.1 Fighting
 + Level 9.1 Maces & Flails
 - Level 3.0 Throwing
 + Level 8.4 Armour
 + Level 8.4 Dodging
 - Level 1.5 Stealth
 + Level 6.7 Invocations


You had 9 spell levels left.
You didn't know any spells.
Your spell library contained the following spells:

 Spells                   Type           Power      Damage    Failure   Level
 Animate Skeleton         Necr           0%         N/A       99%         1
 Apportation              Tloc           0%         N/A       99%         1
 Sandblast                Erth           0%         2d4       99%         1
 Shock                    Conj/Air       0%         1d3       99%         1
 Summon Small Mammal      Summ           0%         N/A       99%         1
 Ensorcelled Hibernation  Hex/Ice        0%         N/A       100%        2
 Passwall                 Tmut/Erth      0%         N/A       100%        2
 Scorch                   Fire           0%         2d5       100%        2
 Static Discharge         Conj/Air       0%         N/A       100%        2
 Stone Arrow              Conj/Erth      0%         3d7       100%        3
 Swiftness                Air            0%         N/A       100%        3
 Tukima's Dance           Hex            0%         N/A       100%        3
 Airstrike                Air            0%         N/A       100%        4
 Flame Wave               Conj/Fire      0%         3d3       100%        4
 Alistair's Intoxication  Tmut/Pois      0%         N/A       100%        5
 Lightning Bolt           Conj/Air       0%         1d11      100%        5
 Invisibility             Hex            0%         N/A       100%        6
 Summon Cactus Giant      Summ           0%         N/A       100%        6
 Maxwell's Capacitive Co  Air            0%         ∞         100%        8


Dungeon Overview and Level Annotations

Branches:
Dungeon (9/15)             Temple (1/1) D:4          Bailey (1/1)
   Lair: D:8-11         Orc: D:9-12

Altars:
Ashenzari
Cheibriados
Dithmenos
Elyvilon
Fedhas
Gozag
Makhleb
Nemelex Xobeh
Okawaru
Qazlal
Ru
Sif Muna
Uskayaw
Vehumet
Wu Jian
Xom
Yredelemnul
The Shining One


Innate Abilities, Weirdness & Mutations

You have a pair of horns on your head.
You reflexively headbutt those who attack you in melee.


Message History

The puff of flame misses the orc knight.
The puff of flame hits the orc warrior.
The orc warrior is almost dead.
The orc knight no longer looks unusually strong.
The puff of flame hits the orc knight.
The orc knight is moderately wounded.
The orc warrior no longer looks unusually strong.
The orc knight no longer looks unusually strong.
The puff of flame misses the orc knight.
The puff of flame hits the orc warrior.
You kill the orc warrior!
The puff of flame hits the orc knight.
The orc knight is moderately wounded.
The orc knight roars a battlecry!
The orcs go into a battle-frenzy!
The puff of flame hits the orc knight but does no damage.
The orc knight is moderately wounded.
The puff of flame hits the orc knight.
The orc knight is moderately wounded.
The orc knight no longer looks unusually strong.
The puff of flame hits the orc knight.
The orc knight is moderately wounded.
The orc knight hits you from afar with a +0 trident!
The orc knight barely misses you.
The orc knight hits you from afar with a +0 halberd!
The orc knight closely misses you.
The orc knight roars a battlecry!
The orc knight goes into a battle-frenzy!
The puff of flame misses the orc knight.
The orc knight hits you from afar with a +0 halberd!!
* * * LOW HITPOINT WARNING * * *
The orc knight hits you from afar with a +0 halberd!!
* * * LOW HITPOINT WARNING * * *
You are healed.
The orc warrior is engulfed in a cloud of scalding steam.
The orc knight hits you from afar with a +0 halberd!!
* * * LOW HITPOINT WARNING * * *
You block the orc knight's attack.
The orc knight hits you from afar with a +0 trident!!!
You die...

#.≈.##### ##########. #.≈.##.$$
##.........##.....##. #.≈..##
##.§§≈§≈≈≈§..##...##.) #.≈≈..##
##§§§≈.....§§.§§#.##..≈ #∩.≈≈..#
#..§§...§§§.§≈.§#'#..≈≈ ##.≈≈..#
#.§§§..o§⌠§§§§§.#'#..≈≈ #.≈≈..##
#.§≈≈ooo§§≈≈..## ##..≈ #.≈..##
#..§≈≈§≈≈≈..# ##.. #.≈.##
#..@......# ##.
#.≈.#############)###'#########.
#.≈..........##.....##))........
#.≈≈≈≈≈≈≈≈≈≈..##.∩.##..≈≈≈≈≈≈≈≈≈
#..........≈≈..##.##..≈≈........
##########..≈≈..###..≈≈..#######
##..≈≈.....≈≈..##
##..≈≈≈≈≈≈≈..## ##.........##


You could see 3 orc knights and an orc warrior (strong).

Vanquished Creatures
  Gastronok (D:8)
  Joseph (D:8)
  A troll (D:6)
  A hornet (D:7)
  A shadow (D:9)
  4 yaks
  Grum (D:8)
  A steam dragon (D:6)
  2 water moccasins
  Duvessa (D:6)
  2 ice beasts
  An ogre (D:6)
  3 orc warriors (Bailey)
  4 wolves (D:8)
  2 kobold brigands
  2 scorpions
  A bullfrog (D:4)
  Dowan (D:6)
  A water moccasin skeleton (D:4)
  8 killer bees
  A howler monkey (D:8)
  2 centaur zombies
  A bullfrog zombie (D:4)
  5 hounds (D:5)
  Crazy Yiuf (D:5)
  4 orc priests
  A jelly (D:6)
  A centaur skeleton (D:7)
  Ijyb (D:3)
  A bullfrog skeleton (D:3)
  An iguana (D:5)
  7 orc wizards
  2 hound zombies (D:5)
  2 hound skeletons
  3 howler monkey zombies
  2 gnolls (D:9)
  5 adders
  A shadow imp (D:5)
  2 white imps
  3 worms
  3 dart slugs
  47 orcs
  10 endoplasms
  14 giant cockroaches
  9 hobgoblins
  5 jackals
  4 quokkas
  4 ball pythons
  5 bats
  A frilled lizard (D:1)
  7 goblins
  18 kobolds
  5 rats
217 creatures vanquished.

Vanquished Creatures (collateral kills)
  A black bear (D:4)
1 creature vanquished.

Vanquished Creatures (others)
  An orc (D:6)
1 creature vanquished.

Grand Total: 219 creatures vanquished

Notes
Turn   | Place    | Note
-------+----------+-------------------------------------------
     0 | D:1      | Decritt the Minotaur Monk began the quest for the Orb.
     0 | D:1      | Reached XP level 1. HP: 19/19 MP: 0/0
   249 | D:1      | Reached XP level 2. HP: 24/27 MP: 1/1
   375 | D:1      | Reached skill level 1 in Armour
   426 | D:1      | Found a faded altar of an unknown god.
   963 | D:2      | Reached XP level 3. HP: 17/33 MP: 2/2
  1587 | D:2      | Reached XP level 4. HP: 29/41 MP: 3/3
  2190 | D:3      | Noticed Ijyb
  2250 | D:3      | Killed Ijyb
  2601 | D:3      | Reached XP level 5. HP: 46/47 MP: 4/4
  3365 | D:4      | Found a staircase to the Ecumenical Temple.
  3374 | Temple   | Entered the Ecumenical Temple
  3410 | Temple   | Became a worshipper of Elyvilon the Healer
  3410 | Temple   | Reached * piety under Elyvilon
  3410 | Temple   | Reached ** piety under Elyvilon
  3600 | D:4      | Reached skill level 5 in Fighting
  3600 | D:4      | Reached skill level 5 in Maces & Flails
  3693 | D:4      | Reached XP level 6. HP: 36/56 MP: 5/5
  4302 | D:4      | Found a radiant altar of Vehumet.
  4337 | D:4      | Reached skill level 5 in Dodging
  4643 | D:4      | Found a shimmering blue altar of Sif Muna.
  4769 | D:5      | Entered Level 5 of the Dungeon
  4811 | D:5      | Reached XP level 7. HP: 62/62 MP: 6/6
  5465 | D:5      | You fall into a shaft and drop 1 floor!
  5490 | D:6      | Reached skill level 1 in Throwing
  5821 | D:5      | Reached *** piety under Elyvilon
  6636 | D:5      | Found a runed translucent door.
  6637 | D:5      | Noticed Crazy Yiuf
  6654 | D:5      | Killed Crazy Yiuf
  6655 | D:5      | Reached skill level 5 in Armour
  7234 | D:6      | Reached XP level 8. HP: 71/71 MP: 7/7
  7377 | D:6      | Noticed Duvessa
  7377 | D:6      | Noticed Dowan
  7381 | D:6      | Killed Duvessa
  7395 | D:6      | Killed Dowan
  8203 | D:6      | Found an opulent altar of Gozag.
  8323 | D:6      | Reached skill level 1 in Invocations
  8825 | D:7      | Noticed a troll
  9034 | D:6      | Killed a troll
  9035 | D:6      | Reached XP level 9. HP: 43/79 MP: 0/9
  9397 | D:7      | Found an ornate altar of the Wu Jian Council.
  9409 | D:7      | Identified the +0 ring mail "Gosamm" {rPois rC- Str-2
                  | Int+9}
  9436 | D:7      | Found a shimmering altar of Xom.
  9439 | D:7      | Found a shimmering altar of Xom.
  9461 | D:7      | Found a shimmering altar of Xom.
  9462 | D:7      | Found a shimmering altar of Xom.
  9618 | D:7      | Found a blossoming altar of Fedhas.
  9679 | D:7      | Found a shadowy altar of Dithmenos.
  9771 | D:8      | Reached **** piety under Elyvilon
  9934 | D:8      | Noticed Joseph
 10018 | D:8      | Killed Joseph
 10569 | D:8      | Found a stormy altar of Qazlal.
 10569 | D:8      | Found a broken altar of Ashenzari.
 10577 | D:8      | Found a sacrificial altar of Ru.
 10579 | D:8      | Found a faded altar of an unknown god.
 10581 | D:8      | Found a basalt altar of Yredelemnul.
 10617 | D:8      | Noticed Grum
 10692 | D:8      | Killed Grum
 10693 | D:8      | Reached skill level 5 in Invocations
 11027 | D:8      | Identified the ring "Aguoboam" {rN+ SInv}
 11064 | D:8      | Noticed Gastronok
 11119 | D:8      | Killed Gastronok
 11120 | D:8      | Reached XP level 10. HP: 53/90 MP: 10/13
 12018 | D:9      | Found a flagged portal.
 12032 | Bailey   | Entered a bailey
 12367 | Bailey   | Noticed an orc knight
 12367 | Bailey   | Noticed an orc knight
 12367 | Bailey   | Noticed an orc knight
 12715 | Bailey   | Demolished by an orc knight

Illustrated notes

Levels and vault maps discovered:
D:1:      evilmike_arrival_grusome_pit, layout_rooms, basic_ecumenical_altar
D:2:      minmay_roachtagon, layout_loops_ring, minmay_misc_feat_chi,
          minmay_misc_feat_plants, item_on_display_b
D:3:      layout_basic, uniq_ijyb
D:4:      layout_basic, lemuel_round_altar, mainiacjoe_overflow_brackets,
          minmay_temple_entry_glass
D:5:      layout_layer_cave, serial_glass, glass_columns_b, glass_columns_b,
          uniq_crazy_yiuf_cottage
D:6:      layout_loops_cross, amcnicky_altar_gilded, kennysheep_generic_room_14,
          uniq_duvessa
D:7:      layout_basic, xom_redecorated, lemuel_doored_altar,
          mainiacjoe_overflow_big_doors, corner_web_ring
D:8:      layout_basic, chequers_temple_overflow_minitemple, uniq_joseph,
          uniq_grum, uniq_gastronok
D:9:      layout_cave_pools, lemuel_coloured_pillars_altar, enter_bailey_5
Temple:   jpeg_temple_island
Bailey:   bailey_polearm_1, bailey

Skill      XL: |  1  2  3  4  5  6  7  8  9 10 |
---------------+-------------------------------+-----
Armour         | 1 2 3 4 5 6 7 8 |  8.4
Fighting       | 4 5 6 7 8 9 |  9.1
Maces & Flails | 4 5 6 7 8 9 |  9.1
Dodging        | 4 5 6 8 |  8.4
Throwing       | 2 3 |  3.0
Invocations    | 2 5 6 |  6.7
Stealth        | |  1.5

Action                   |  1- 3 |  4- 6 |  7- 9 | 10-12 || total
-------------------------+-------+-------+-------+-------++-------
Melee: Mace              |    15 |       |       |       ||    15
       Headbutt          |     7 |    28 |    66 |    22 ||   123
       Quarterstaff      |    66 |   151 |   102 |       ||   319
       Unarmed           |       |    17 |       |       ||    17
       Hand axe          |       |       |   167 |   104 ||   271
Throw: Stone             |    39 |   145 |    56 |       ||   240
       Dart              |       |       |    72 |    20 ||    92
Invok: Heal Self         |       |       |     2 |     2 ||     4
Evoke: Wand              |       |       |     9 |    20 ||    29
  Use: Scroll            |       |     5 |     8 |       ||    13
       Potion            |       |       |     1 |       ||     1
 Stab: Sleeping          |     3 |       |       |       ||     3
Armor: Robe              |     2 |       |       |       ||     2
       Ring mail         |    23 |       |       |       ||    23
       Scale mail        |     1 |    33 |       |       ||    34
       Chain mail        |       |    10 |   162 |    71 ||   243
Dodge: Dodged            |    69 |    68 |   149 |    94 ||   380
Block: Other             |       |       |    15 |       ||    15
       Reflection        |       |       |     3 |     1 ||     4
       Buckler           |       |       |     2 |    78 ||    80

Table legend: (Time is in decaauts)
 A = Elapsed time spent in this place.
 B = Non-inter-level travel time spent in this place.
 C = Inter-level travel time spent in this place.
 D = Time resting spent in this place.
 E = Time spent auto-exploring this place.
 F = Levels seen in this place.
 G = Mean time per level.
                   A        B        C        D        E       F      G
               +--------+--------+--------+--------+--------+-----+--------+
         Total |  12845 |  12636 |    209 |   2550 |   7518 |  11 | 1167.7 |
       Dungeon |  12089 |  11909 |    180 |   2412 |   7453 |   9 | 1343.2 |
        Temple |     68 |     39 |     29 |      0 |     30 |   1 |   68.0 |
        Bailey |    687 |    687 |      0 |    138 |     35 |   1 |  687.0 |
               +--------+--------+--------+--------+--------+-----+--------+

Top non-repeatable levels by time:
     D:5: 2969 daAuts
     D:8: 2089 daAuts
     D:6: 1400 daAuts
     D:4: 1379 daAuts
     D:3: 1298 daAuts
     D:2: 1236 daAuts
     D:1: 831 daAuts
  Bailey: 687 daAuts
     D:7: 608 daAuts
     D:9: 276 daAuts
  Temple: 68 daAuts
